 Dungeon Crawl Stone Soup version 0.31.0-11-ge490571c62 (webtiles) character file.

Game seed: 4617163700417934089

28 Gadfly the Trooper (level 3, 29/29 HPs)
             Began as a Demonspawn Monk on Jan 31, 2024.
             Quit the game on level 1 of the Dungeon.
             The game lasted 00:01:06 (739 turns).

Gadfly the Trooper (Demonspawn Monk)                 Turns: 739, Time: 00:01:07

Health: 29/29      AC:  2    Str: 13    XL:     3   Next: 0%
Magic:  3/3        EV: 13    Int: 10    God:
Gold:   19         SH:  0    Dex: 15    Spells: 2/2 levels left

rFire   . .          .
                       - Unarmed
rCold   . . .        c - orb {light}
rNeg    . . .        a - +0 robe
rPois   .            (no helmet)
rElec   .            (no cloak)
rCorr   .            (no gloves)
SInv    .            (no boots)
Will    .....        (no amulet)
Stlth   +            (no ring)
HPRegen 0.24/turn    (no ring)
MPRegen 0.08/turn

%: no passive effects
@: glowing
A: hooves 1, powered by pain 1
a: no special abilities


You were on level 1 of the Dungeon.
You visited 1 branch of the dungeon, and saw 1 of its levels.

You collected 19 gold pieces.

Inventory:

Hand Weapons
 i - a +0 vampiric short sword
Armour
 a - a +0 robe (worn)
 c - an orb of light (worn)
Jewellery
 e - a ring of resist corrosion
Scrolls
 d - a scroll of identify {unknown}
 f - a scroll of blinking {unknown}
 j - a scroll of amnesia {unknown}
Potions
 b - a potion of ambrosia
 g - a potion of heal wounds {unknown}
 h - a potion of curing {unknown}


   Skills:
 - Level 3.0 Fighting
 + Level 2.9 Dodging
 * Level 3.0 Unarmed Combat
 * Level 1.1 Evocations
 * Level 1.0 Shapeshifting


You had 2 spell levels left.
You didn't know any spells.
Your spell library contained the following spells:

 Spells                   Type           Power      Damage    Failure   Level
 Lesser Beckoning         Tloc           0%         N/A       50%         2
 Gell's Gravitas          Tloc           0%         N/A       75%         3
 Teleport Other           Tloc           0%         N/A       75%         3


Dungeon Overview and Level Annotations

Branches:
Dungeon (1/15)

Altars:

Shops:
D:1 (


Innate Abilities, Weirdness & Mutations

You have large cloven feet.
You sometimes gain a little power by taking damage.


Message History

A jackal is nearby!
The jackal bites you.
You hit the jackal but do no damage. The jackal barely misses you.
You hit the jackal. You kick the jackal, but do no damage.
The jackal is moderately wounded.
The jackal barely misses you. x2
You hit the jackal.
The jackal is almost dead.
The jackal closely misses you.
You barely miss the jackal.
The jackal is almost dead.
The jackal bites you but does no damage.
You hit the jackal but do no damage. Your kick misses the jackal.
The jackal is almost dead.
The jackal misses you.
You barely miss the jackal.
The jackal is almost dead.
The jackal bites you but does no damage.
A jackal comes into view.
The jackal bites you.
The jackal barks!
You hit the jackal.
You kill the jackal!
The jackal closely misses you. x2
Things that are here:
a jackal corpse; a giant cockroach corpse You hit the jackal but do no damage.
You kick the jackal.
The jackal is heavily wounded.
The jackal misses you.
You hit the jackal.
You kill the jackal!
You have reached level 3!
Your experience leads to an increase in your attributes!
Increase (S)trength, (I)ntelligence, or (D)exterity?
You feel stronger. x2; Your demonic ancestry asserts itself...
You feel energised by your suffering.
You see here a jackal corpse.
j - a scroll labelled IROEFEONUK Unknown command.
Are you sure you want to abandon this character and quit the game? (Confirm with "yes".)

.. .# .. ...
.### #.#
..###...
##.#)#.# #......
.# ###.#.## .#
#...†..# .#
#.#@#†###.###
###...#...# #
###.###.#.#.# #.
........†...+
#...###.#...####
#..###.#..##
#.......###
####......#
#..###.# #+#


There were no monsters in sight!

Vanquished Creatures
  A dart slug (D:1)
  2 giant cockroaches (D:1)
  2 goblins (D:1)
  4 hobgoblins (D:1)
  4 jackals (D:1)
  2 kobolds (D:1)
  A quokka (D:1)
  3 ball pythons (D:1)
  A bat (D:1)
  A frilled lizard (D:1)
  2 rats (D:1)
23 creatures vanquished.

Notes
Turn   | Place    | Note
-------+----------+-------------------------------------------
     0 | D:1      | Gadfly the Demonspawn Monk began the quest for the Orb.
     0 | D:1      | Reached XP level 1. HP: 18/18 MP: 1/1
   200 | D:1      | Discovered your monstrous ancestry.
   200 | D:1      | Gained mutation: You have large cloven feet. [demonic
                  | ancestry]
   200 | D:1      | Reached XP level 2. HP: 7/24 MP: 2/2
   456 | D:1      | Found Teh Egoa's Weapon Shop.
   545 | D:1      | Reached skill level 1 in Evocations
   690 | D:1      | Reached skill level 1 in Shapeshifting
   706 | D:1      | Gained mutation: You sometimes gain a little power by
                  | taking damage. [demonic ancestry]
   706 | D:1      | Reached XP level 3. HP: 22/29 MP: 3/3
   739 | D:1      | Quit the game

Illustrated notes

Levels and vault maps discovered:
D:1:      moated_graveyard_arrival, layout_loops_corners, serial_shops,
          nicolae_shop_bloodbath_and_beyond, minmay_indecisive_spiral

Skill      XL: |  1  2 |
---------------+-------+-----
Evocations     | 1 |  1.1
Unarmed Combat | 3 |  3.0
Shapeshifting  | 1 |  1.0
Fighting       | |  3.0
Dodging        | |  2.9

Action                     || total
---------------------------++-------
  Melee: Unarmed           ||    65
         Kick              ||    14
 Armour: Robe              ||    32
  Dodge: Dodged            ||    33
